 Dungeon Crawl Stone Soup version 0.26-a0-652-gafc20e3620 (webtiles) character file.

Game seed: 6130935834452300257

14 P0NYSLAYSTATION the Grave Robber (level 2, -3/20 HPs)
             Began as a Hill Orc Necromancer on Oct 1, 2020.
             Slain by a worker ant (4 damage)
             ... on level 4 of the Dungeon.
             The game lasted 00:03:57 (729 turns).

P0NYSLAYSTATION the Grave Robber (HONe)              Turns: 729, Time: 00:03:58

Health: -3/20      AC:  2    Str: 10    XL:     2   Next: 41%
Magic:  4/4        EV: 12    Int: 15    God:
Gold:   61         SH:  0    Dex: 11    Spells: 2/4 levels left

rFire    . . .     SeeInvis .   e - +0 dagger
rCold    + . .     Faith    .   (no shield)
rNeg     . . .     Spirit   .   a - +0 robe
rPois    .         Reflect  .   (no helmet)
rElec    .         Harm     .   (no cloak)
rCorr    .         Rampage  .   (no gloves)
MR       .....                  (no boots)
Stlth    ++........             f - amulet of regeneration
HPRegen  0.46/turn              (no ring)
MPRegen  0.09/turn              (no ring)

@: lethally poisoned (-3 -> -3), hasted, very quick
A: cold resistance 1, mutation resistance 1
a: no special abilities


You were on level 4 of the Dungeon.
You visited 1 branch of the dungeon, and saw 4 of its levels.

You collected 61 gold pieces.

Inventory:

Hand Weapons
 e - a +0 dagger (weapon)
Missiles
 g - 71 stones (quivered)
Armour
 a - a +0 robe (worn)
Jewellery
 f - an amulet of regeneration (around neck)
Wands
 h - a wand of paralysis (7)
Scrolls
 b - a scroll of identify
 d - a scroll of fear {unknown}
 i - a scroll of remove curse {unknown}
 j - a scroll of random uselessness {unknown}
 l - a scroll of teleportation {unknown}


   Skills:
 * Level 0.2 Fighting
 + Level 1.7 Dodging
 + Level 1.5 Stealth
 + Level 0.2 Unarmed Combat
 + Level 1.6 Spellcasting
 + Level 4.4 Necromancy


You had 2 spell levels left.
You knew the following spells:

 Your Spells              Type           Power        Failure   Level
a - Pain                  Necr           ##..         3%          1
b - Animate Skeleton      Necr           ##....       3%          1

Your spell library contained the following spells:

 Spells                   Type           Power        Failure   Level
 Vampiric Draining        Necr           ##........   11%         3
 Animate Dead             Necr           ##........   36%         4
 Agony                    Necr           ##......     71%         5


Dungeon Overview and Level Annotations

Branches:
Dungeon (4/15)
 Temple: D:4-7

Altars:


Innate Abilities, Weirdness & Mutations

Your flesh is cold resistant. (rC+)
You are somewhat resistant to further mutation.


Message History

The worker ant poisons you!
You closely miss the worker ant.
The worker ant is moderately wounded.
You feel sick. The worker ant closely misses you.
You closely miss the worker ant.
The worker ant is moderately wounded.
You feel sick. The worker ant bites you. x2
You hit the worker ant.
The worker ant is heavily wounded.
You feel sick. The worker ant bites you.
* * * LOW HITPOINT WARNING * * *
* * * LOW HITPOINT WARNING * * *
You feel sick.
It was a potion of haste.
You feel yourself speed up. The worker ant barely misses you.
It was a potion of mutation.
You feel extremely strange.
You feel resistant to cold.
You feel genetically stable.
* * * LOW HITPOINT WARNING * * *
You feel sick. The worker ant bites you.
You die...

## ## .. ..
#####.# .##
...#.#...##
#.#####.#....$.#
#.............#
.#####a#.#.....
#.#####@#.# ###
#....<..#..
############


You could see a worker ant.

Vanquished Creatures
  A dart slug (D:1)
  A leopard gecko (D:1)
  A bat (D:1)
  2 giant cockroaches
  A goblin (D:1)
  A hobgoblin (D:2)
  A quokka (D:2)
  A frilled lizard (D:3)
9 creatures vanquished.

Notes
Turn   | Place    | Note
-------+----------+-------------------------------------------
     0 | D:1      | P0NYSLAYSTATION the Hill Orc Necromancer began the quest
                  | for the Orb.
     0 | D:1      | Reached XP level 1. HP: 14/14 MP: 3/3
    21 | D:1      | Learned a level 1 spell: Animate Skeleton
   341 | D:1      | Reached XP level 2. HP: 20/20 MP: 4/4
   725 | D:4      | HP: 1/20 [worker ant (6)]
   729 | D:4      | Gained mutation: Your flesh is cold resistant. (rC+)
                  | [potion of mutation]
   729 | D:4      | Gained mutation: You are somewhat resistant to further
                  | mutation. [potion of mutation]
   729 | D:4      | Slain by a worker ant

Illustrated notes

Levels and vault maps discovered:
D:1:      enne_arrival_octagon_isle, layout_loops_corners,
          chequers_serial_rivers_room_b, minmay_misc_feat_encased,
          minmay_cut_off
D:2:      layout_basic
D:3:      layout_rooms, lemuel_doored_altar, lemuel_round_altar,
          lemuel_round_altar, chequers_serial_rivers_micro_c, bh_walls_and_bars
D:4:      layout_loops_corners, marbit_many_paths

Action                   || total
-------------------------++-------
Melee: Dagger            ||    19
       Unarmed           ||     7
 Cast: Pain              ||    16
       Animate Skeleton  ||     1
  Use: Potion            ||     2
       Scroll            ||     1
Armor: Robe              ||     5
Dodge: Dodged            ||    16

Table legend: (Time is in decaauts)
 A = Elapsed time spent in this place.
 B = Non-inter-level travel time spent in this place.
 C = Inter-level travel time spent in this place.
 D = Time resting spent in this place.
 E = Time spent auto-exploring this place.
 F = Levels seen in this place.
 G = Mean time per level.
                   A        B        C        D        E       F      G
               +--------+--------+--------+--------+--------+-----+--------+
         Total |    729 |    729 |      0 |      0 |    509 |   4 |  182.2 |
       Dungeon |    729 |    729 |      0 |      0 |    509 |   4 |  182.2 |
               +--------+--------+--------+--------+--------+-----+--------+

Top non-repeatable levels by time:
     D:1: 367 daAuts
     D:2: 288 daAuts
     D:3: 42 daAuts
     D:4: 30 daAuts
